[Event "Team 45 45 League T69"]
[Site "Internet Chess Club"]
[Date "2016.07.09"]
[Round "5"]
[White "santiagoelawad"]
[Black "Packerfan"]
[Result "1-0"]
[WhiteElo "2003"]
[BlackElo "1818"]
[Opening "King's Indian: fianchetto, Yugoslav, 7.O-O"]
[ECO "E65"]
[Time "10:00:31"]
[TimeControl "2700+45"]

1. Nf3 Nf6 2. g3 g6 3. Bg2 Bg7 4. O-O O-O 5. c4 d6 6. Nc3 c5 7. d4 cxd4 8. Nxd4
a6 9. b3 Qc7 10. Bb2 Nc6 11. Rc1 Bd7 12. Nd5 Qd8 13. Nxf6+ Bxf6 14. Nxc6 Bxc6
15. Bxf6 exf6 16. Qd2 Bxg2 17. Kxg2 Qe7 18. Rfd1 Rad8 19. e3 f5 20. Qd5 Qe4+ 21.
Qxe4 fxe4 22. Rd4 f5 23. Rcd1 Rf6 24. c5 Rd7 25. Rxd6 Rdxd6 26. cxd6 Rf8 27. d7
Rd8 28. g4 Kf7 29. gxf5 gxf5 30. Kg3 Kf6 31. Kf4 Ke6 32. h3 h6 33. Rd4 b5 34. b4
{Black resigns} 1-0

[Event "Team 45 45 League T69"]
[Site "Internet Chess Club"]
[Date "2016.07.07"]
[Round "5"]
[White "Lrn2Mate"]
[Black "losscause"]
[Result "1-0"]
[WhiteElo "1681"]
[BlackElo "1547"]
[Opening "King's Indian: 6.Be2"]
[ECO "E91"]
[Time "22:00:44"]
[TimeControl "2700+45"]

1. d4 Nf6 2. c4 g6 3. Nc3 Bg7 4. e4 d6 5. Nf3 O-O 6. Be2 Re8 7. O-O e5 8. d5 c6
9. Rb1 a5 10. b3 Rf8 11. Qc2 Ne8 12. Ba3 c5 13. Nb5 f5 14. Bc1 fxe4 15. Qxe4 Bf5
16. Bg5 Bf6 17. Qh4 Bxb1 18. Rxb1 e4 19. Bxf6 Nxf6 20. Ng5 Re8 21. Bg4 Qe7 22.
Be6+ Kh8 23. Nf7+ Kg8 24. Nfxd6+ Kg7 {Black resigns} 1-0

[Event "Team 45 45 League T69"]
[Site "Internet Chess Club"]
[Date "2016.07.09"]
[Round "5"]
[White "Leon13"]
[Black "clarinetref"]
[Result "1/2-1/2"]
[WhiteElo "1304"]
[BlackElo "1595"]
[Opening "Robatsch (modern) defense"]
[ECO "B06"]
[Time "21:04:26"]
[TimeControl "2700+45"]

1. e4 g6 2. f4 d6 3. Nf3 Bg7 4. Nc3 Nd7 5. Bc4 e6 6. O-O Ngf6 7. e5 dxe5 8. fxe5
Ng4 9. d4 O-O 10. Ng5 Nb6 11. Qxg4 Nxc4 12. Qf3 Qxd4+ 13. Kh1 Nxe5 14. Qh3 h6
15. Nf3 Nxf3 16. Qxf3 e5 17. Be3 Qg4 18. Qf2 Be6 19. Bc5 Rfd8 20. Qe3 b6 21. Be7
Rd7 22. Bf6 Bd5 23. Nxd5 Rxd5 24. Bxg7 Kxg7 25. h3 Qd4 26. Qf3 Rad8 27. Qxf7+
Kh8 28. Qxg6 R5d6 29. Qh5 Qxb2 30. Rad1 Qb5 31. Rde1 Rg8 32. Rf7 Qd5 33. Rg1
{Game drawn by mutual agreement} 1/2-1/2

[Event "Team 45 45 League T69"]
[Site "Internet Chess Club"]
[Date "2016.07.06"]
[Round "5"]
[White "tryanything"]
[Black "Kandor"]
[Result "1-0"]
[WhiteElo "1575"]
[BlackElo "1241"]
[Opening "Two knights defense"]
[ECO "C55"]
[Time "18:35:24"]
[TimeControl "2700+45"]

1. e4 e5 2. Nf3 Nc6 3. Bc4 Nf6 4. d4 exd4 5. O-O d5 6. Bb5 dxe4 7. Nxd4 Bg4 8.
Qd2 Bc5 9. Nxc6 Qxd2 10. Ne5+ c6 11. Bxc6+ bxc6 12. Bxd2 Rc8 13. Nxg4 Nxg4 14.
h3 Ne5 15. Bc3 Bd6 16. Nd2 f5 17. Rfe1 O-O 18. Rad1 Rce8 19. b3 Bc5 20. Nf1 g5
21. Bd4 Bb6 22. Bxb6 axb6 23. Ne3 f4 24. Ng4 Nxg4 25. hxg4 c5 26. Rd7 e3 27.
fxe3 fxe3 28. Kh2 Rf2 29. Rd3 e2 30. Rd2 Re3 31. Rd3 Rf1 32. Rxe3 Rxe1 33. Kg3
Kf7 34. Kf2 Rc1 35. Rxe2 {Black resigns} 1-0

[Event "Team 45 45 League T69"]
[Site "Internet Chess Club"]
[Date "2016.07.08"]
[Round "5"]
[White "otherook"]
[Black "Bizzy-Ketty"]
[Result "1/2-1/2"]
[WhiteElo "1771"]
[BlackElo "1589"]
[Opening "English, 1...Nf6 (Anglo-Indian defense)"]
[ECO "A15"]
[Time "11:02:50"]
[TimeControl "2700+45"]

1. c4 Nf6 2. g3 e6 3. Bg2 d5 4. cxd5 exd5 5. Nf3 Be7 6. O-O O-O 7. d4 Nbd7 8.
Nc3 Nb6 9. a4 a5 10. b3 Re8 11. Ne5 c6 12. Nd3 Bd6 13. Bf4 Bf8 14. Bd2 Bf5 15.
Nc5 Qc8 16. Bg5 Nfd7 17. Nxd7 Qxd7 18. Bf4 Bg4 19. Re1 Re6 20. Qd2 Bb4 21. Bf3
Bxf3 22. exf3 Rae8 23. Rxe6 Rxe6 24. Re1 Qe8 25. Rxe6 Qxe6 26. Kg2 h6 27. Qd3
Bd6 28. Bxd6 Qxd6 29. Ne2 Nd7 30. Qc3 b6 31. Nf4 g5 32. Nd3 Nf6 33. Ne5 c5 34.
dxc5 Qxc5 35. Qxc5 bxc5 36. Kf1 Kf8 37. Ke2 Ke8 38. Nc6 Kd7 39. Nxa5 Kc7 40. Kd3
Kb6 41. b4 cxb4 42. Nb3 h5 43. h3 Kc6 44. Nd4+ Kc5 45. Nb3+ Kc6 46. Nd4+ Kc5 47.
Nb3+ Kc6 {Game drawn by repetition} 1/2-1/2

[Event "Team 45 45 League T69"]
[Site "Internet Chess Club"]
[Date "2016.07.09"]
[Round "5"]
[White "crazyhorses"]
[Black "viktory"]
[Result "0-1"]
[WhiteElo "1347"]
[BlackElo "1654"]
[Opening "Sicilian defense"]
[ECO "B34"]
[Time "16:37:02"]
[TimeControl "2700+45"]

1. e4 c5 2. Nf3 Nc6 3. d4 cxd4 4. Nxd4 g6 5. Be2 Bg7 6. Be3 Nf6 7. Nc3 O-O 8.
Qd2 d5 9. O-O-O dxe4 10. Nxc6 Qxd2+ 11. Rxd2 bxc6 12. Rhd1 Bg4 13. f3 exf3 14.
gxf3 Be6 15. Kb1 Nd5 16. Nxd5 Bxd5 17. c4 Be6 18. h4 Bf5+ 19. Kc1 Rab8 20. h5
Rb7 21. h6 Bf6 22. b3 a5 23. Rd8 Rb8 24. Rxb8 Rxb8 25. Bb6 Bg5+ 26. Kb2 Bxh6 27.
Bxa5 Bg7+ 28. Bc3 c5 29. Rd5 Rc8 30. a4 h5 31. a5 h4 32. a6 h3 33. a7 Ra8 34.
Rxc5 h2 {White resigns} 0-1

[Event "Team 45 45 League T69"]
[Site "Internet Chess Club"]
[Date "2016.07.10"]
[Round "5"]
[White "MasterD"]
[Black "kingphisch"]
[Result "1/2-1/2"]
[WhiteElo "1498"]
[BlackElo "1494"]
[Opening "Caro-Kann: Tartakower (Nimzovich) variation"]
[ECO "B15"]
[Time "14:00:18"]
[TimeControl "2700+45"]

1. e4 c6 2. d4 d5 3. Nc3 dxe4 4. Nxe4 Nf6 5. Nxf6+ exf6 6. Nf3 Be7 7. Bc4 O-O 8.
O-O Nd7 9. Bf4 Nb6 10. Bb3 Nd5 11. Bg3 Bd6 12. Re1 Bxg3 13. hxg3 Be6 14. c3 Nc7
15. Bxe6 Nxe6 16. Qb3 Qb6 17. Qxb6 axb6 18. a3 Rfd8 19. Rad1 b5 20. Kf1 Rd7 21.
Re3 Rad8 22. Rde1 Kf8 23. Ng1 Nc7 24. Ne2 Nd5 25. Rd3 Re7 26. Nf4 Rxe1+ 27. Kxe1
Re8+ 28. Kf1 Nxf4 29. gxf4 Ke7 30. Re3+ Kd7 31. Rxe8 Kxe8 32. Ke2 Kd7 33. Ke3 f5
34. f3 Kd6 35. b3 Kd5 36. g4 g6 37. gxf5 gxf5 38. Kf2 Ke6 39. Kg3 b6 40. Kh4 c5
41. dxc5 bxc5 42. Kh5 Kd5 43. Kh6 c4 44. b4 Ke6 45. Kxh7 Kf6 46. Kh6 Ke7 47. Kg5
Ke6 48. Kh4 Kf6 49. Kg3 Ke6 50. Kf2 Kd5 51. Ke3 f6 52. Kd2 Kc6 53. Kc2 Kb6 54.
Kd2 Kc6 55. Ke3 Kd5 56. Kf2 Ke6 57. Ke3 Kd5 58. Kf2 Ke6 59. Kg3 Kf7 60. Kh4 Kg6
61. Kg3 Kh5 62. Kh3 Kg6 63. Kg3 Kh5 64. Kh3 Kg6 65. Kg3 {Game drawn by
repetition} 1/2-1/2

[Event "Team 45 45 League T69"]
[Site "Internet Chess Club"]
[Date "2016.07.09"]
[Round "5"]
[White "modiglani"]
[Black "zepled37"]
[Result "1-0"]
[WhiteElo "1834"]
[BlackElo "1699"]
[Opening "Sicilian: Grand Prix attack"]
[ECO "B23"]
[Time "14:05:55"]
[TimeControl "2700+45"]

1. e4 c5 2. Nc3 Nc6 3. f4 g6 4. Nf3 Bg7 5. Bb5 Nd4 6. O-O Nxb5 7. Nxb5 a6 8. Nc3
e6 9. Qe1 Ne7 10. d3 d5 11. Qh4 O-O 12. f5 exf5 13. Bh6 fxe4 14. Ng5 f6 15. Bxg7
fxg5 16. Rxf8+ Qxf8 17. Bxf8 gxh4 18. Bxe7 exd3 19. cxd3 d4 20. Ne4 b6 21. Bxh4
Bf5 22. Re1 a5 23. g4 Be6 24. b3 a4 25. Nxc5 Bxg4 26. Nxa4 b5 27. Nb6 Rxa2 28.
Nd5 Bf5 29. Ne7+ Kf7 30. Nxf5 gxf5 31. Re5 Rd2 32. Rxf5+ Kg6 33. Rxb5 Rxd3 34.
b4 Rb3 35. Rg5+ Kh6 36. b5 d3 37. Rd5 d2 38. Bg5+ Kg6 39. Bxd2 Rb1+ 40. Kf2 Rb2
41. Rd6+ Kf5 42. b6 Ke5 43. Rd7 Rxb6 44. Rxh7 Rb2 45. Ke3 Rb3+ 46. Ke2 Kf5 47.
h4 Rh3 48. h5 Rh2+ 49. Kd3 Rh3+ 50. Kc2 Kf6 51. h6 Kg6 52. Rg7+ Kf6 53. Rc7 Kg6
54. Rc3 Rh2 55. Rg3+ Kf6 56. Kd3 Kf5 57. Rf3+ Kg6 58. Rg3+ Kf5 59. Rg5+ Ke6 60.
Ra5 Rh3+ 61. Ke4 Rh4+ 62. Bf4 Rh1 63. Ra6+ Kf7 64. Kf5 Rf1 65. Ra7+ Kg8 66. Kg6
Rg1+ 67. Bg5 {Black resigns} 1-0

[Event "Team 45 45 League T69"]
[Site "Internet Chess Club"]
[Date "2016.07.09"]
[Round "5"]
[White "justice02"]
[Black "volodia80"]
[Result "0-1"]
[WhiteElo "1625"]
[BlackElo "1686"]
[Opening "King's Indian: fianchetto, Kavalek (Bronstein) variation"]
[ECO "E60"]
[Time "15:33:39"]
[TimeControl "2700+45"]

1. Nf3 Nf6 2. c4 g6 3. d4 Bg7 4. g3 O-O 5. Bg2 d6 6. O-O c6 7. Nc3 Qa5 8. Re1
Nbd7 9. e4 e5 10. d5 cxd5 11. cxd5 Nc5 12. a3 Qd8 13. b4 Ncd7 14. Bg5 h6 15. Bd2
Nb6 16. Qb3 Bd7 17. Rac1 Rc8 18. Bf1 Bg4 19. Na2 Qd7 20. Qd3 Rxc1 21. Rxc1 Nbxd5
22. Nxe5 dxe5 23. exd5 Nxd5 24. Bg2 Be6 25. Nc3 Rd8 26. Ne4 b6 27. Qe2 f5 28.
Nc3 e4 29. Qb5 Nxc3 30. Qxd7 Ne2+ 31. Kf1 Nxg3+ 32. hxg3 Rxd7 33. Ke2 Bb2 34.
Rc6 Bf7 35. Bxh6 Bxa3 36. Bd2 Bb2 37. g4 b5 38. gxf5 gxf5 39. Bh3 Bc4+ 40. Ke1
Rg7 41. Rc8+ Kf7 42. Rc7+ Ke6 43. Rxg7 Bxg7 44. Be3 Bc3+ 45. Kd1 Bxb4 46. Bxa7
Bd6 47. Kc2 b4 48. Be3 b3+ 49. Kb1 Be5 50. Bc1 Bd3# {White checkmated} 0-1

[Event "Team 45 45 League T69"]
[Site "Internet Chess Club"]
[Date "2016.07.08"]
[Round "5"]
[White "Fianchettoed"]
[Black "Grenadier"]
[Result "0-1"]
[WhiteElo "1635"]
[BlackElo "1603"]
[Opening "Réti: King's Indian attack (Barcza system)"]
[ECO "A07"]
[Time "18:30:53"]
[TimeControl "2700+45"]

1. Nf3 d5 2. g3 c6 3. Bg2 Bf5 4. c4 e6 5. O-O Nf6 6. Qb3 Qb6 7. d3 Nbd7 8. Be3
Qxb3 9. axb3 a6 10. Na3 Be7 11. Rfc1 O-O 12. c5 e5 13. d4 exd4 14. Nxd4 Bg6 15.
b4 Rfe8 16. Bh3 Rad8 17. f3 Bxc5 18. bxc5 Rxe3 19. Nac2 Re7 20. Ne1 h5 21. Ra3
Rde8 22. Ng2 Bh7 23. e3 g5 24. Bf5 Ne5 25. Kf2 g4 26. Nh4 Nc4 27. Rb3 gxf3 28.
Bxh7+ Kxh7 29. Nhf5 Ne4+ 30. Kg1 f2+ 31. Kg2 Ncd2 32. Rb4 Rd7 33. Nd6 Nxd6 34.
cxd6 f1=Q+ {White resigns} 0-1

[Event "Team 45 45 League T69"]
[Site "Internet Chess Club"]
[Date "2016.07.09"]
[Round "5"]
[White "GoIrish"]
[Black "dabodhi"]
[Result "1-0"]
[WhiteElo "1517"]
[BlackElo "1415"]
[Opening "Réti opening"]
[ECO "A05"]
[Time "20:00:15"]
[TimeControl "2700+45"]

1. Nf3 Nf6 2. g3 b6 3. Bg2 Bb7 4. O-O e6 5. d3 d5 6. Nbd2 Nbd7 7. c4 Bd6 8. cxd5
exd5 9. b3 O-O 10. Bb2 Re8 11. Rc1 Rb8 12. Nd4 Be5 13. N2f3 Bd6 14. Nb5 a6 15.
Nxd6 cxd6 16. Nd4 Nc5 17. b4 Ne6 18. Nc6 Bxc6 19. Rxc6 Rc8 20. Rxc8 Qxc8 21.
Bxf6 gxf6 22. Bxd5 Nd4 23. e3 Nb5 24. Qh5 Re7 25. Be4 Rxe4 26. dxe4 Nc3 27. Qf5
Qd8 28. a3 Qe7 29. Qg4+ Kf8 30. Qc8+ Qe8 31. Qxc3 Qxe4 32. Qd4 Qe6 33. Rd1 Ke7
34. Qxb6 Qe5 35. Qc7+ Ke6 36. Qc8+ Ke7 37. Qxa6 h5 38. Qxd6+ Qxd6 39. Rxd6 Kxd6
40. b5 Kc5 41. a4 Kb6 42. Kg2 Ka5 43. Kh3 Kb6 44. Kh4 {Black resigns} 1-0

[Event "Team 45 45 League T69"]
[Site "Internet Chess Club"]
[Date "2016.07.06"]
[Round "5"]
[White "Elton2013"]
[Black "Goli"]
[Result "1/2-1/2"]
[WhiteElo "1782"]
[BlackElo "1815"]
[Opening "King's Indian: 6.Be2"]
[ECO "E91"]
[Time "18:31:04"]
[TimeControl "2700+45"]

1. d4 Nf6 2. c4 g6 3. Nc3 Bg7 4. e4 d6 5. Be2 O-O 6. Nf3 Bg4 7. O-O Nc6 8. Be3
a6 9. h3 Bxf3 10. Bxf3 e5 11. d5 Ne7 12. c5 Nd7 13. cxd6 cxd6 14. Be2 f5 15. f3
Rc8 16. a4 h6 17. Qb3 Qc7 18. Rac1 Nc5 19. Qa3 Qb8 20. b4 Nd7 21. a5 fxe4 22.
fxe4 Rxf1+ 23. Rxf1 Rf8 24. Rxf8+ Bxf8 25. b5 axb5 26. Nxb5 Nf6 27. Qxd6 Qxd6
28. Nxd6 Nexd5 29. Bc4 Bxd6 30. exd5 Kg7 31. Kf1 Ne4 32. Ke2 Bc7 33. Kd3 Nd6 34.
Bd2 h5 35. Bb3 Kf6 36. g4 hxg4 37. hxg4 Nb5 38. Bd1 Nd6 39. Bf3 g5 40. Bb4 Ke7
41. Kc3 Kd7 42. Kb3 Nb5 43. Kc4 Nd6+ 44. Kc5 Nc8 45. Kb5 Nd6+ 46. Kc5 Nc8 47.
Kc4 Nd6+ 48. Kb3 Nb5 49. Be4 Nd6 50. Bd3 Bd8 51. Ka3 Bc7 52. Bc3 e4 53. Be2 Nf7
54. Kb4 Ne5 55. Kc5 Nd3+ 56. Kd4 Be5+ 57. Kxe4 Bxc3 58. Bxd3 Bxa5 {Game drawn by
mutual agreement} 1/2-1/2

[Event "Team 45 45 League T69"]
[Site "Internet Chess Club"]
[Date "2016.07.07"]
[Round "5"]
[White "ausya"]
[Black "HappySong"]
[Result "1/2-1/2"]
[WhiteElo "1664"]
[BlackElo "1551"]
[Opening "French: Tarrasch, open variation"]
[ECO "C07"]
[Time "20:19:03"]
[TimeControl "2700+45"]

1. e4 e6 2. d4 d5 3. Nd2 c5 4. c3 cxd4 5. cxd4 dxe4 6. Nxe4 Bb4+ 7. Nc3 Nf6 8.
Nf3 Nc6 9. Bc4 O-O 10. O-O h6 11. Be3 Bd7 12. Qd3 Re8 13. Rfd1 a6 14. d5 exd5
15. Nxd5 Bg4 16. Bb6 Qd6 17. Bc7 Qe6 18. Nxb4 Qe7 19. Nxc6 Qxc7 20. Ncd4 Rad8
21. Rac1 Qf4 22. Qb3 Ne4 23. Ne2 Qf6 24. Ng3 Qf4 25. Nxe4 Rxd1+ 26. Rxd1 Rxe4
27. Bxf7+ Kh7 28. Qd3 g6 29. Bd5 Re7 30. Qd4 Qf5 31. Re1 Rd7 32. Rd1 Qh5 33. Qa4
Rxd5 34. Re1 Rd7 35. Ne5 Re7 36. Nd3 Rxe1+ 37. Nxe1 Qe5 38. Qb4 b5 39. h3 Bf5
40. Nf3 Qc7 41. Qc3 Qd6 42. Qe5 Qxe5 43. Nxe5 Kg7 44. f4 Kf6 45. Kf2 Ke6 46. Ke3
Kd5 47. g4 Bc2 48. Nf7 h5 49. gxh5 gxh5 50. Ne5 b4 51. a3 bxa3 52. bxa3 a5 53.
h4 Bf5 54. Nf3 a4 55. Nd4 Bd7 56. Kd3 Bc8 57. f5 Ke5 58. f6 Kxf6 59. Ke4 Bb7+
60. Kf4 Bd5 61. Ne2 Bf7 62. Nc3 Bb3 63. Ne4+ Ke6 64. Kg5 Ke5 65. Nc3 Kd4 66.
Nb5+ Kc5 67. Nc3 Kd4 68. Nb5+ Kc5 {Game drawn by mutual agreement} 1/2-1/2

[Event "Team 45 45 League T69"]
[Site "Internet Chess Club"]
[Date "2016.07.08"]
[Round "5"]
[White "Kingofknights"]
[Black "julesraider"]
[Result "0-1"]
[WhiteElo "1579"]
[BlackElo "1623"]
[Opening "King's Indian: Sämisch, 5...O-O"]
[ECO "E81"]
[Time "19:30:29"]
[TimeControl "2700+45"]

1. d4 Nf6 2. c4 g6 3. Nc3 Bg7 4. e4 d6 5. f3 O-O 6. Bd3 e5 7. d5 c6 8. Be3 cxd5
9. cxd5 Nh5 10. Nge2 f5 11. exf5 gxf5 12. f4 e4 13. Bc4 a6 14. a4 Kh8 15. O-O
Qe8 16. Bd4 Nf6 17. a5 Nbd7 18. b4 Qh5 19. Ng3 Qg6 20. Na4 Rg8 21. Ra2 h5 22.
Qb3 h4 23. Nh1 Ng4 24. Bxg7+ Rxg7 25. g3 e3 26. Rf3 Qe8 27. Qd3 Ndf6 28. Nb6 Rb8
29. b5 Ne4 30. Rxe3 Nxe3 31. Qxe3 Qh5 32. Be2 Qf7 33. Rc2 Bd7 34. bxa6 bxa6 35.
Bxa6 Ba4 36. Nxa4 Rb1+ 37. Rc1 Rxc1+ 38. Qxc1 Qa7+ 39. Nb6 Qxa6 40. Qe1 hxg3 41.
Nxg3 Qd3 42. Kg2 Rg4 43. Nc8 Qc2+ 44. Kh1 Qxc8 45. Nxe4 fxe4 46. h3 Rxf4 47.
Qa1+ Kh7 {White resigns} 0-1

[Event "Team 45 45 League T69"]
[Site "Internet Chess Club"]
[Date "2016.07.11"]
[Round "5"]
[White "qingjoshua"]
[Black "Skeptic1972"]
[Result "0-1"]
[WhiteElo "1653"]
[BlackElo "1516"]
[Opening "French: Tarrasch, Eliskases variation"]
[ECO "C07"]
[Time "22:57:01"]
[TimeControl "2700+45"]

1. e4 e6 2. d4 d5 3. Nd2 c5 4. exd5 Qxd5 5. Ngf3 cxd4 6. Bc4 Qd8 7. O-O Nc6 8.
Nb3 Nf6 9. Re1 Bb4 10. Bd2 O-O 11. Bxb4 Nxb4 12. Nbxd4 Bd7 13. c3 Nbd5 14. Qd2
Rc8 15. Bb3 Qc7 16. g3 Rfd8 17. Ne5 a6 18. Bd1 Be8 19. f4 Qb6 20. Kg2 Ne7 21.
Qc2 Rxd4 22. Qf2 Rd6 23. Qe2 Bc6+ 24. Kh3 Qd8 25. Nc4 Rd5 26. Qe3 Nf5 27. Qg1
Nd7 28. a4 Qf6 29. Bf3 Rd3 30. Bxc6 Rxc6 31. Qf1 Rd5 32. g4 Qh4+ {White resigns}
0-1

[Event "Team 45 45 League T69"]
[Site "Internet Chess Club"]
[Date "2016.07.10"]
[Round "5"]
[White "Ajolote"]
[Black "anishio"]
[Result "1/2-1/2"]
[WhiteElo "1725"]
[BlackElo "1654"]
[Opening "Ruy Lopez: 5.O-O"]
[ECO "C78"]
[Time "14:01:52"]
[TimeControl "2700+45"]

1. e4 e5 2. Nf3 Nc6 3. Bb5 a6 4. Ba4 Nf6 5. O-O b5 6. Bb3 Bc5 7. d3 d6 8. h3 h6
9. Nc3 Bb7 10. Nd5 Na5 11. Nxf6+ Qxf6 12. Bd2 Nxb3 13. axb3 O-O 14. b4 Bb6 15.
c3 Rfe8 16. Be3 d5 17. Bxb6 Qxb6 18. Qc2 dxe4 19. dxe4 Qc6 20. Rfe1 Rad8 21.
Rad1 Qf6 22. Qe2 Rd6 23. Rxd6 Qxd6 24. Rd1 Qc6 25. Nd2 Qe6 26. f3 Qa2 27. Nf1
Bc8 28. Ne3 Be6 29. Nd5 Bxd5 30. Rxd5 f6 31. Kf2 Kf7 32. Qd2 Re7 33. Ke2 Qc4+
34. Ke1 Qc6 35. Qd3 Ke6 36. Rc5 Qd6 37. Rd5 Qb6 38. Kf1 Qc6 39. Ke2 Rd7 40. Rxd7
Qxd7 41. b3 Qd6 42. Qd2 Qxd2+ 43. Kxd2 Kd6 44. Kd3 c5 45. bxc5+ Kxc5 46. b4+ Kc6
47. c4 Kd6 48. c5+ Kc6 49. Kc3 Kd7 50. g3 g5 51. g4 {Game drawn by mutual
agreement} 1/2-1/2

[Event "Team 45 45 League T69"]
[Site "Internet Chess Club"]
[Date "2016.07.07"]
[Round "5"]
[White "tuantuan"]
[Black "Gojira"]
[Result "1-0"]
[WhiteElo "1611"]
[BlackElo "1586"]
[Opening "Sicilian: accelerated fianchetto, modern variation"]
[ECO "B34"]
[Time "20:05:21"]
[TimeControl "2700+45"]

1. e4 c5 2. Nf3 Nc6 3. d4 cxd4 4. Nxd4 g6 5. Nc3 Bg7 6. Nxc6 Bxc3+ 7. bxc3 dxc6
8. Qxd8+ Kxd8 9. Bc4 f6 10. O-O e5 11. f4 b5 12. Bb3 exf4 13. Bxf4 Ke7 14. e5 f5
15. Rfe1 Be6 16. Rad1 Rc8 17. Bxe6 Kxe6 18. Rd6+ Kf7 19. e6+ Ke8 20. Be5 Ke7 21.
Rd7+ Kxe6 22. Rxa7 Nf6 23. Bf4+ Kd5 24. Re5+ Kc4 25. a4 Nd5 26. Bg3 bxa4 27.
Rxa4+ Kxc3 28. Re2 f4 29. Bf2 Ne3 30. Rxf4 Nxc2 31. Rf3+ Kb2 32. Bd4+ Kb1 33.
Rf1+ Ka2 34. Rxc2+ Kb3 35. Rc3+ {Black resigns} 1-0

[Event "Team 45 45 League T69"]
[Site "Internet Chess Club"]
[Date "2016.07.06"]
[Round "5"]
[White "Insan996"]
[Black "arnav07"]
[Result "0-1"]
[WhiteElo "1532"]
[BlackElo "1559"]
[Opening "Grünfeld: Three knights variation"]
[ECO "D90"]
[Time "15:05:31"]
[TimeControl "2700+45"]

1. d4 Nf6 2. Nf3 g6 3. c4 Bg7 4. Nc3 d5 5. cxd5 Nxd5 6. g3 O-O 7. Bg2 Nxc3 8.
bxc3 c6 9. O-O Nd7 10. Rb1 Nf6 11. Ba3 Nd5 12. Qd3 Qc7 13. Nd2 Be6 14. e4 Nb6
15. Qc2 Nc4 16. Nxc4 Bxc4 17. Rfe1 Rfe8 18. Rb4 Be6 19. f4 c5 20. dxc5 Qxc5+ 21.
Kh1 Qxc3 22. Qc1 Qxc1 23. Rxc1 b6 24. Rbb1 Rac8 25. Rxc8 Rxc8 26. Bxe7 Bxa2 27.
Ra1 Bxa1 {White resigns} 0-1

[Event "Team 45 45 League T69"]
[Site "Internet Chess Club"]
[Date "2016.07.07"]
[Round "5"]
[White "ShootStraight"]
[Black "searchforbobby1"]
[Result "1/2-1/2"]
[WhiteElo "1969"]
[BlackElo "1989"]
[Opening "Dutch defense"]
[ECO "A90"]
[Time "21:07:25"]
[TimeControl "2700+45"]

1. d4 e6 2. c4 f5 3. g3 Nf6 4. Bg2 d5 5. Nf3 c6 6. O-O Bd6 7. b3 Qe7 8. a4 a5 9.
Ba3 Bxa3 10. Nxa3 O-O 11. Nc2 b6 12. Nce1 Bb7 13. Nd3 Na6 14. Nde5 c5 15. e3
Rfd8 16. Qe2 Nb4 17. Rac1 Rac8 18. Rfd1 Ba6 19. h4 Ne4 20. Kh2 dxc4 21. bxc4 Bb7
22. Ng5 Nxg5 23. Bxb7 Qxb7 24. hxg5 g6 25. dxc5 bxc5 26. Rd2 Qc7 27. Rxd8+ Rxd8
28. Rd1 Rxd1 {Game drawn by mutual agreement} 1/2-1/2

[Event "Team 45 45 League T69"]
[Site "Internet Chess Club"]
[Date "2016.07.10"]
[Round "5"]
[White "Monterrey"]
[Black "fledermaus"]
[Result "1/2-1/2"]
[WhiteElo "2028"]
[BlackElo "1882"]
[Opening "QGD: exchange, positional line"]
[ECO "D35"]
[Time "17:00:58"]
[TimeControl "2700+45"]

1. d4 d5 2. c4 e6 3. Nc3 Nf6 4. cxd5 exd5 5. Bg5 Be7 6. e3 Nbd7 7. Bd3 c6 8.
Nge2 Nh5 9. Bxe7 Qxe7 10. Qc2 Nhf6 11. O-O O-O 12. Ng3 Nb6 13. Rae1 Be6 14. f3
Rad8 15. Qf2 Qd7 16. Rd1 Kh8 17. Bb1 Rfe8 18. Rfe1 g6 19. e4 Nc4 20. e5 Ng8 21.
f4 Ne7 22. h3 Kg7 23. b3 Nb6 24. Nf1 h5 25. Ne3 Nf5 26. Qf3 Rh8 27. Nxf5+ Bxf5
28. Bxf5 Qxf5 29. g4 hxg4 30. hxg4 Qe6 31. Re2 f5 32. exf6+ Qxf6 33. g5 Qf7 34.
Rde1 Rde8 35. Rxe8 Rxe8 36. Rxe8 Qxe8 37. Kf2 Qe6 38. Ne2 Nc8 39. Qe3 Qxe3+ 40.
Kxe3 Nd6 41. Ng3 Kf7 42. Kd3 Ke6 43. b4 Nf5 44. Nf1 Nd6 45. Ne3 Ne4 46. a4 a6
47. a5 Nf2+ 48. Ke2 Ne4 49. Kf3 Nc3 50. Kg4 Ne4 51. f5+ gxf5+ 52. Nxf5 Nf2+ 53.
Kf4 Nd3+ 54. Kg4 Nf2+ 55. Kf4 Nd3+ {Game drawn by mutual agreement} 1/2-1/2

[Event "Team 45 45 League T69"]
[Site "Internet Chess Club"]
[Date "2016.07.08"]
[Round "5"]
[White "PolishRyszard"]
[Black "chsrules88"]
[Result "0-1"]
[WhiteElo "1835"]
[BlackElo "2033"]
[Opening "Vienna: Pierce gambit"]
[ECO "C25"]
[Time "14:00:17"]
[TimeControl "2700+45"]

1. e4 e5 2. Nc3 Nc6 3. f4 exf4 4. Nf3 g5 5. d4 g4 6. Bc4 gxf3 7. O-O d5 8. exd5
Bg4 9. Qd2 Na5 10. Bb5+ c6 11. Qxf4 Nf6 12. Re1+ Kd7 13. Ne4 Nxd5 14. Qxg4+ Kc7
15. c4 cxb5 16. cxd5 Qxd5 17. Bf4+ Kb6 18. Be5 Bb4 19. Nf6 f2+ 20. Kxf2 Bxe1+
21. Rxe1 Qxa2 22. Bc7+ Ka6 23. Re2 Rac8 24. b4 Qc4 25. Bxa5 b6 26. Re7 Rc7 27.
Rxc7 Qxc7 28. Bxb6 axb6 29. Nd5 Qc2+ 30. Kg1 Qb1+ {White resigns} 0-1

[Event "Team 45 45 League T69"]
[Site "Internet Chess Club"]
[Date "2016.07.09"]
[Round "5"]
[White "room-matt"]
[Black "KBuccleuch"]
[Result "0-1"]
[WhiteElo "1829"]
[BlackElo "1999"]
[Opening "Queen's pawn game"]
[ECO "A45"]
[Time "12:01:54"]
[TimeControl "2700+45"]

1. d4 Nf6 2. Nc3 g6 3. Bg5 Bg7 4. e4 d6 5. Nf3 c6 6. Qd2 b5 7. Bd3 b4 8. Ne2 a5
9. Bh6 O-O 10. Bxg7 Kxg7 11. Ng3 Bg4 12. O-O-O Nbd7 13. e5 dxe5 14. dxe5 Nd5 15.
Rhe1 e6 16. Be4 Bxf3 17. Bxf3 Qc7 18. Qd4 a4 19. h4 b3 20. cxb3 c5 21. Qe4 axb3
22. axb3 Rfb8 23. Kc2 Rb4 24. Qe2 c4 25. Bxd5 exd5 26. Rxd5 cxb3+ 27. Kd2 Nb6
28. Rc1 Nxd5 29. Rxc7 Rd4+ 30. Qd3 Rxd3+ 31. Kxd3 Nxc7 32. Kc3 Rb8 33. Ne4 Nd5+
34. Kc4 Nf4 35. g3 Ne2 36. f4 Nc1 37. Nd6 f6 38. e6 Kf8 39. f5 Ke7 40. Kc5 Nd3+
41. Kd5 Nxb2 42. fxg6 hxg6 43. g4 Rd8 {White resigns} 0-1

[Event "Team 45 45 League T69"]
[Site "Internet Chess Club"]
[Date "2016.07.08"]
[Round "5"]
[White "swagnik"]
[Black "jorome23"]
[Result "1/2-1/2"]
[WhiteElo "1901"]
[BlackElo "2239"]
[Opening "Sicilian: Grand Prix attack"]
[ECO "B23"]
[Time "10:08:38"]
[TimeControl "2700+45"]

1. e4 c5 2. Nc3 Nc6 3. f4 g6 4. Nf3 Bg7 5. Bb5 Nd4 6. O-O Nxb5 7. Nxb5 d5 8.
exd5 a6 9. Nc3 Nf6 10. d4 c4 11. b3 cxb3 12. axb3 Nxd5 13. Nxd5 Qxd5 14. c4 Qd8
15. Re1 Bg4 16. Be3 O-O 17. h3 Bxf3 18. Qxf3 Bxd4 19. Rad1 Bxe3+ 20. Qxe3 Qc7
21. Qxe7 Qb6+ 22. Qe3 Qxe3+ 23. Rxe3 Rfd8 24. Rxd8+ Rxd8 25. Kf1 Rd4 26. g3 Rd2
27. Re7 b5 28. Ra7 Rd3 29. Rxa6 bxc4 30. bxc4 Rxg3 31. c5 Rxh3 32. Ke2 Kf8 33.
f5 gxf5 34. Rf6 Ke7 35. Rxf5 Ke6 36. Rf1 Rc3 37. Rh1 Rxc5 38. Rxh7 Rc3 39. Rh8
Ke5 40. Kf2 f5 41. Re8+ Kf4 42. Ra8 Rc2+ 43. Kf1 Kf3 44. Ra3+ Kg4 45. Ra4+ f4
46. Ra3 Rh2 47. Rb3 Rd2 48. Ra3 Rh2 49. Rb3 {Game drawn by mutual agreement}
1/2-1/2